 Dungeon Crawl Stone Soup version 0.21.1-1-g345015fe64 (webtiles) character file.

105 Redear the Insei (level 4, -3/28 HPs)
             Began as an Octopode Transmuter on Mar 8, 2018.
             Slain by an orc
             ... wielding a +0 trident
              (9 damage)
             ... on level 3 of the Dungeon.
             The game lasted 00:15:05 (3022 turns).

Redear the Insei (Octopode Transmuter)              Turns: 3022, Time: 00:15:06

Health: -3/28      AC:  1    Str: 10    XL:     4   Next: 83%
Magic:  6/7        EV: 14    Int: 15    God:
Gold:   115        SH:  0    Dex: 12    Spells: 6/7 levels left

rFire    . . .     SeeInvis .     - Unarmed
rCold    . . .     Gourm    .   (no shield)
rNeg     . . .     Faith    .   (helmet restricted)
rPois    .         Spirit   .   (no amulet)
rElec    .         Reflect  .   (no ring)
rCorr    .         Harm     .   (no ring)
MR       .....                  (no ring)
Stlth    +++.......             (no ring)
HPRegen  0.09/turn              (no ring)
MPRegen  0.10/turn              (no ring)
                                (no ring)
                                (no ring)

@: appendage
A: almost no armour, stealthy swim, amphibious, 8 rings, constrict 8, tentacle
spike 3, camouflage 1, gelatinous body 1
a: End Transformation


You were on level 3 of the Dungeon.
You were not hungry.
One of your tentacles had a temporary spike.
You visited 1 branch of the dungeon, and saw 3 of its levels.

You collected 115 gold pieces.

Inventory:

Hand Weapons
 f - a +0 dagger
 i - a +0 whip
Missiles
 a - 12 arrows
Armour
 h - a +0 chain mail
 k - a +0 ring mail
 o - a +0 pair of boots
Scrolls
 e - a scroll of enchant armour {unknown}
 l - a scroll of amnesia {unknown}
 m - 3 scrolls of remove curse {unknown}
 q - 2 scrolls of random uselessness {unknown}
 r - a scroll of noise {unknown}
 s - a scroll of identify {unknown}
Potions
 d - 2 potions of brilliance {unknown}
 g - 2 potions of might {unknown}
 j - a potion of mutation {unknown}
 n - a potion of flight {unknown}
 p - a potion of agility {unknown}
Books
 b - a book of Changes

   Spells                             Type                      Level
   a - Beastly Appendage              Transmutation                1
   b - Sticks to Snakes               Transmutation                2
   c - Spider Form                    Transmutation/Poison         3
   d - Ice Form                       Ice/Transmutation            4
   e - Blade Hands                    Transmutation                5
Comestibles
 c - 5 rations


   Skills:
 + Level 1.4 Fighting
 + Level 2.6 Dodging
 + Level 1.6 Stealth
 + Level 4.3 Unarmed Combat
 - Level 2.0 Spellcasting
 + Level 2.5 Transmutations


You had 6 spell levels left.
You knew the following spells:

 Your Spells              Type           Power        Failure   Level  Hunger
a - Beastly Appendage     Tmut           #.....       8%          1    #......


Dungeon Overview and Level Annotations

Branches:
Dungeon (3/15)

Altars:
Ashenzari
Elyvilon
Okawaru
Qazlal
Wu Jian
Zin
The Shining One


Innate Abilities, Weirdness & Mutations

You cannot wear most types of armour.
You are very stealthy in the water. (Stealth+)
You are amphibious.
You can wear up to eight rings at the same time.
You can use your tentacles to constrict eight enemies at once.
Your skin changes colour to match your surroundings (Stealth+).
Your rubbery body absorbs attacks. (AC +1, EV +1)
One of your tentacles bears a large vicious spike.


Message History

* * * LOW HITPOINT WARNING * * *
You barely miss the leopard gecko. You tentacle-slap the leopard gecko.
Your squeeze misses the leopard gecko.
The leopard gecko is severely wounded.
You constrict the leopard gecko. The leopard gecko closely misses you.
You tentacle-slap the leopard gecko.
You kill the leopard gecko!
You feel your dexterity returning.
All of the chunks of flesh in your inventory have rotted away.
An orc priest comes into view.
Your transformation is almost over.
You see here a ration.
The orc barely misses you.
Casting: Beastly Appendage
Confirm with . or Enter, or press ? or * to list all spells.
You extend your transformation's duration.
You bludgeon the rat!
You kill the rat!
The orc hits you from afar with a trident!
You die...

...........# #.#
#.........# #.#
#.....†...#######.#
#......)..........#
#......####.####..#
#......##.....##..#
#......#.......#..#
#......#.......#..#
#####.o.@.._......#
#..#.......#..#
#..#.......#..#
##.##.....##..#
#.####.####..# #..
..... ...#
#########....# ####


You could see an orc.

Vanquished Creatures
  A quasit (D:3)
  2 adders
  3 dart slugs
  2 leopard geckos (D:3)
  An orc (D:3)
  3 giant cockroaches
  5 goblins
  5 hobgoblins
  6 jackals (D:3)
  A quokka (D:2)
  5 bats
  2 frilled lizards (D:1)
  3 kobolds
  6 rats
45 creatures vanquished.

Notes
Turn   | Place    | Note
-------+----------+-------------------------------------------
     0 | D:1      | Redear the Octopode Transmuter began the quest for the Orb.
     0 | D:1      | Reached XP level 1. HP: 13/13 MP: 3/3
   441 | D:1      | Reached XP level 2. HP: 18/18 MP: 5/5
  1363 | D:2      | Found a glowing golden altar of the Shining One.
  1364 | D:2      | Found a glowing silver altar of Zin.
  1366 | D:2      | Found a white marble altar of Elyvilon.
  1413 | D:2      | Reached XP level 3. HP: 22/23 MP: 6/6
  1446 | D:2      | Reached skill level 4 in Unarmed Combat
  2216 | D:3      | Reached skill level 1 in Stealth
  2542 | D:3      | Reached XP level 4. HP: 27/28 MP: 7/7
  2900 | D:3      | Found a shattered altar of Ashenzari.
  2900 | D:3      | Found a stormy altar of Qazlal.
  2902 | D:3      | Found an ornate altar of the Wu Jian Council.
  2981 | D:3      | Found an iron altar of Okawaru.
  3022 | D:3      | Slain by an orc

Skill      XL: |  1  2  3 |
---------------+----------+-----
Unarmed Combat | 4 |  4.3
Stealth        | 1 |  1.6
Fighting       | |  1.4
Dodging        | |  2.6
Spellcasting   | |  2.0
Transmutations | |  2.5

Action                   |  1- 3 |  4- 6 || total
-------------------------+-------+-------++-------
Melee: Unarmed           |    68 |    23 ||    91
       Constrict         |    20 |     7 ||    27
       Tentacles         |    12 |     4 ||    16
       Dagger            |     7 |       ||     7
       Punch             |     2 |     2 ||     4
       Kick              |     6 |     1 ||     7
 Cast: Beastly Appendage |    13 |     2 ||    15
  Eat: Chunk             |     3 |       ||     3
       Ration            |     1 |       ||     1
Armor: Skin              |    13 |     4 ||    17
Dodge: Dodged            |    72 |    21 ||    93
